 Dungeon Crawl Stone Soup version 0.21.1-1-g345015fe64 (webtiles) character file.

83785 Findor the Severer (level 15, -10/208 HPs)
             Began as a Hill Orc Monk on Apr 29, 2018.
             Was the Champion of Beogh.
             Mangled by an Ice Fiend (21 damage)
             ... in an ice cave.
             The game lasted 01:17:02 (30249 turns).

Findor the Severer (Hill Orc Monk)                 Turns: 30249, Time: 01:17:03

Health: -10/208    AC: 29    Str: 26    XL:     15   Next: 78%
Magic:  22/22      EV: 10    Int: 10    God:    Beogh [******]
Gold:   1588       SH:  0    Dex: 13    Spells: 14/14 levels left

rFire    . . .     SeeInvis .   a - +2 battleaxe (chop)
rCold    + . .     Gourm    .   (shield currently unavailable)
rNeg     . . .     Faith    +   f - +0 crystal plate armour
rPois    .         Spirit   .   K - +0 helmet
rElec    .         Reflect  .   x - +2 cloak
rCorr    .         Harm     .   (no gloves)
MR       +++..                  (no boots)
Stlth    ..........             j - amulet of Tuanoz {Faith rC+ Slay+3}
HPRegen  0.44/turn              F - ring of protection from magic
MPRegen  0.18/turn              l - ring of protection from magic

@: berserking, very quick
A: walk on water
a: Smiting, Recall Orcish Followers, Give Item to Named Follower, Resurrection,
Renounce Religion


You were in an ice cave.
You worshipped Beogh.
Beogh was exalted by your worship.
You were not hungry.

You visited 4 branches of the dungeon, and saw 22 of its levels.
You visited the Abyss 1 time.
You also visited: Ice Cave.

You collected 1920 gold pieces.
You spent 332 gold pieces at shops.


   Skills:
 + Level 14.8 Fighting
 + Level 17.1 Axes
 * Level 16.3 Armour
 + Level 10.0 Dodging
 - Level 1.5 Stealth
 + Level 9.8 Invocations


You had 14 spell levels left.
You didn't know any spells.

Inventory:

Hand Weapons
 a - a +2 battleaxe of chopping (weapon)
   (You found it on level 6 of the Lair of Beasts)
 b - a +2 broad axe of electrocution
   (You acquired it on level 5 of the Lair of Beasts)
Missiles
 y - 2 throwing nets (quivered) {!f}
Armour
 f - a +0 crystal plate armour (worn)
   (You found it on level 6 of the Lair of Beasts)
 o - a +2 large shield
   (You found it on level 2 of the Spider Nest)
 x - a +2 cloak (worn)
   (You took it off Crazy Yiuf on level 5 of the Dungeon)
 K - a +0 helmet (worn)
   (You found it on level 8 of the Dungeon)
 M - a +2 plate armour of fire resistance
   (You acquired it on level 10 of the Dungeon)
Jewellery
 j - the amulet of Tuanoz (around neck) {Faith rC+ Slay+3}
   (You found it on level 7 of the Dungeon)

   [amulet of faith]

   It allows you to gain divine favour quickly.
   It affects your accuracy and damage with ranged weapons and melee attacks
   (+3).
   It protects you from cold.
 l - a ring of protection from magic (right hand)
   (You found it on level 6 of the Dungeon)
 s - an uncursed ring of positive energy
   (You found it on level 5 of the Dungeon)
 z - an uncursed ring of see invisible
   (You found it on level 12 of the Dungeon)
 F - a ring of protection from magic (left hand)
   (You found it on level 8 of the Dungeon)
 S - a +1 ring of slaying
   (You found it on level 1 of the Lair of Beasts)
Wands
 c - a wand of disintegration (12)
   (You found it on level 7 of the Dungeon)
 t - a wand of flame (42)
   (You found it on level 5 of the Dungeon)
 u - a wand of paralysis (5)
   (You found it on level 12 of the Dungeon)
 v - a wand of digging (1)
   (You found it on level 6 of the Dungeon)
 B - a wand of enslavement (13)
   (You found it on level 1 of the Spider Nest)
 J - a wand of scattershot (4)
   (You found it on level 2 of the Spider Nest)
 Q - a wand of clouds (5)
   (You found it in an ice cave)
Scrolls
 d - a scroll of magic mapping
 k - 2 scrolls of fear
 n - 17 scrolls of remove curse {@r2}
 p - 6 scrolls of teleportation {@r4}
 q - 2 scrolls of immolation {!r}
 r - 5 scrolls of fog
 A - a scroll of enchant armour
 H - 3 scrolls of enchant weapon
 I - 2 scrolls of silence
 L - 2 scrolls of blinking
 P - a scroll of summoning
 Z - 5 scrolls of identify {@r1}
Potions
 e - 5 potions of mutation {!q}
 g - 7 potions of curing {@q1}
 h - 4 potions of ambrosia
 i - 2 potions of magic
 m - 2 potions of heal wounds {@q2}
 C - 2 potions of cancellation
 D - 2 potions of invisibility
 G - 5 potions of haste {@q3}
 N - 3 potions of flight
 O - a potion of brilliance
 V - 2 potions of might
Comestibles
 w - 29 rations


Message History

The ice devil freezes your orc priest!!
Your orc priest hits the ice devil but does no damage.
Something closely misses your orc priest.
Something claws your orc priest but does no damage.
Something claws your orc priest!
Your orc priest dies!
You feel much better.
A red film seems to cover your vision as you go berserk!
You feel yourself moving faster!
You feel mighty! The ice devil hits you. The ice devil freezes you! You resist.
You closely miss the ice devil. The Ice Fiend gestures at you.
The bolt of cold hits the ice devil.
The ice devil completely resists.
The bolt of cold hits you! You resist.
The ice devil hits you but does no damage.
You slice the ice devil!!
You kill the ice devil!
Beogh accepts your kill.
The Ice Fiend calls on the powers of darkness!
Your body is wracked with pain!
* * * LOW HITPOINT WARNING * * *
The iron troll simulacrum bites you but does no damage.
The iron troll simulacrum claws you but does no damage. x2
You see here an orc corpse.
Your crystal plate armour prevents you from hitting the Ice Fiend.
You slash the iron troll simulacrum! You hit the Ice Fiend.
You slice the iron troll simulacrum!!
The iron troll simulacrum vapourises!
Beogh accepts your kill. The Ice Fiend gestures at you.
The bolt of cold hits you! You resist.
* * * LOW HITPOINT WARNING * * *
You slash the Ice Fiend! You slice the ice devil!!
The Ice Fiend gestures at you. The bolt of cold hits you! You resist.
* * * LOW HITPOINT WARNING * * *
The ice devil hits you but does no damage.
You slice the Ice Fiend!! You hit the ice devil.
Your crystal plate armour prevents you from hitting the Ice Fiend.
You hit the ice devil.
You kill the ice devil!
Beogh accepts your kill. The Ice Fiend claws you.
* * * LOW HITPOINT WARNING * * *
The Ice Fiend freezes you! You resist.
* * * LOW HITPOINT WARNING * * *
The Ice Fiend claws you.
* * * LOW HITPOINT WARNING * * *
The Ice Fiend freezes you!! You resist.
You die...

##...#### ####...##
#######....###
#o...#.o.###
.##....### ###
######## ######.##
.### ##...#o#.###
...## #.⌠...###..#
....#####.#.###.@###
##.....#####..##1§Z#
##.....####..###ZZ.#
###....#...## Z...#
###....### ...##
#..##### .### ##.#
.$ ### #)


You could see an Ice Fiend, an anaconda simulacrum, a six-headed hydra
simulacrum, a five-headed hydra simulacrum and an ettin simulacrum.

Vanquished Creatures
  Kirke (Lair:5)
  2 entropy weavers (Spider:1)
  Snorg (Lair:5)
  Josephine (D:11)
  4 hydras
  4 two-headed ogres
  A tengu warrior (D:9)
  3 orb spiders
  4 oklob plants
  An ugly thing (D:11)
  5 wolf spiders
  A moth of wrath (Spider:2)
  A merfolk siren (Lair:2)
  A cyclops (D:9)
  The ghost of host the Cleaver, a novice MiBe of Trog (D:5)
  8 elephants
  An ice statue (IceCv)
  2 torpor snails (Spider:2)
  11 spiny frogs
  2 kobold demonologists (D:9)
  A centaur skeleton (D:10)
  2 demonic crawlers (Spider:1)
  6 komodo dragons
  3 anaconda simulacra (IceCv)
  A golden dragon simulacrum (IceCv)
  6 ice devils (IceCv)
  A jumping spider (shapeshifter) (D:10)
  3 freezing wraiths (IceCv)
  7 jumping spiders
  A polar bear (D:9)
  3 trolls
  7 blink frogs
  The ghost of Dox the Skirmisher, an amateur OpFi (D:3)
  Grinder (D:4)
  5 dream sheep (Lair:5)
  4 hippogriffs
  Sigmund (D:2)
  19 redbacks
  9 tarantellas
  3 wyverns
  3 wraiths (D:11)
  3 dire elephant simulacra (IceCv)
  A hog (Lair:5)
  31 yaks
  3 basilisks
  A hungry ghost (D:12)
  An iron troll simulacrum (IceCv)
  A steam dragon (D:9)
  Menkaure (D:6)
  5 harpy simulacra (IceCv)
  A hydra simulacrum (IceCv)
  2 soldier ants
  5 water moccasins
  7 porcupines
  A hell hound (D:11)
  5 sky beasts
  4 ice beasts
  An orc warrior (D:12)
  A black bear (D:9)
  An eye of draining (D:9)
  A necrophage (D:11)
  3 phantoms
  4 ogres
  4 wolves
  A centaur (D:7)
  8 crocodiles
  9 bullfrogs
  3 big kobolds
  6 scorpions
  An elephant simulacrum (IceCv)
  4 wights (D:10)
  2 howler monkeys (D:4)
  A bullfrog zombie (D:7)
  3 centaur zombies
  5 crimson imps
  A draconian simulacrum (IceCv)
  4 hounds
  2 orc priests
  Crazy Yiuf (D:5)
  2 bullfrog skeletons
  6 iguanas
  3 jellies
  5 orc wizards
  Ijyb (D:5)
  Natasha (thrice) (D:2)
  12 worker ants
  4 troll simulacra (IceCv)
  A spriggan simulacrum (IceCv)
  A polar bear simulacrum (IceCv)
  A wolf simulacrum (IceCv)
  5 centaur simulacra (IceCv)
  2 bullfrog simulacra (D:9)
  A hound skeleton (D:9)
  A killer bee simulacrum (D:9)
  2 worker ant zombies
  9 adders
  15 gnolls
  A naga simulacrum (IceCv)
  An ogre simulacrum (IceCv)
  6 shadow imps
  8 white imps
  2 worker ant simulacra (D:9)
  A howler monkey simulacrum (D:9)
  6 ufetubi
  An ooze (D:1)
  2 adder skeletons
  6 worms
  A dart slug (D:4)
  9 leopard geckos
  22 orcs
  A ball python (D:1)
  8 bats
  2 giant cockroaches
  6 goblins
  9 hobgoblins
  21 jackals
  18 kobolds
  6 quokkas
  7 frilled lizards
  2 jackal skeletons
  2 leopard gecko skeletons
  10 rats
  5 fungi
  7 plants
524 creatures vanquished.

Vanquished Creatures (collateral kills)
  Rupert (Lair:5)
  An emperor scorpion (Spider:2)
  3 dire elephants (Lair:6)
  An anaconda (Lair:6)
  7 hydras
  2 catoblepae
  A two-headed ogre (D:8)
  A queen ant (Spider:1)
  Sonja (D:11)
  3 ugly things
  2 orb spiders
  A cyclops (D:10)
  8 wolf spiders
  12 elephants
  2 moths of wrath (Spider:2)
  3 spiny frogs
  A centaur skeleton (D:11)
  5 demonic crawlers
  4 komodo dragons
  A polar bear (Lair:5)
  3 trolls
  A hornet (Spider:1)
  A raiju (Lair:5)
  14 jumping spiders
  A dream sheep (Lair:5)
  11 blink frogs
  7 hippogriffs
  A dire elephant simulacrum (IceCv)
  11 redbacks
  19 yaks
  A spriggan (D:9)
  3 tarantellas
  4 hogs (Lair:5)
  A basilisk (Lair:5)
  A fire elemental (Lair:6)
  A soldier ant (Spider:1)
  2 porcupines
  4 water moccasins
  A hornet zombie (D:9)
  A hell hound (D:11)
  An orc warrior (D:10)
  A black bear (D:11)
  An ice beast (D:10)
  8 wolves
  8 crocodiles
  A big kobold (D:8)
  A bullfrog (Lair:2)
  A scorpion (D:8)
  2 wights (D:10)
  3 electric eels
  A howler monkey (D:12)
  A crimson imp (D:8)
  A draconian simulacrum (IceCv)
  A hound (D:9)
  A jelly (D:11)
  5 worker ants
  2 orc wizards (D:10)
  A killer bee zombie (D:9)
  A hound zombie (D:9)
  2 white imps (D:9)
  3 ufetubi
  5 orcs
  A jackal skeleton (D:9)
  20 fungi
  20 plants
240 creatures vanquished.

Vanquished Creatures (others)
  An orc high priest (Lair:5)
  3 orc knights
  5 orc warriors
  4 orc priests
  3 orc wizards
  A shadow imp (D:5)
  26 orcs
  11 fungi
  8 plants
62 creatures vanquished.

Grand Total: 826 creatures vanquished

Notes
Turn   | Place    | Note
-------+----------+-------------------------------------------
     0 | D:1      | Findor the Hill Orc Monk began the quest for the Orb.
     0 | D:1      | Reached XP level 1. HP: 19/19 MP: 1/1
    25 | D:1      | Reached XP level 2. HP: 7/27 MP: 2/2
   373 | D:1      | You fall through a shaft!
   479 | D:1      | Reached skill level 5 in Axes
   608 | D:1      | Reached XP level 3. HP: 31/33 MP: 3/3
  1704 | D:2      | Noticed Natasha
  1708 | D:2      | Killed Natasha
  1708 | D:2      | Reached XP level 4. HP: 24/41 MP: 4/4
  2190 | D:2      | Noticed Sigmund
  2210 | D:2      | Killed Sigmund
  2210 | D:2      | Reached skill level 7 in Axes
  2210 | D:2      | Reached XP level 5. HP: 33/48 MP: 5/5
  2210 | D:2      | Reached XP level 6. HP: 39/56 MP: 6/6
  2653 | D:2      | Noticed Natasha
  2667 | D:2      | Killed Natasha
  3223 | D:2      | Reached skill level 8 in Axes
  4064 | D:2      | Noticed Natasha
  4077 | D:2      | Killed Natasha
  4252 | D:3      | Noticed Dox's ghost (amateur OpFi)
  4633 | D:3      | Found an opulent altar of Gozag.
  4638 | D:3      | Found Gozag's Platinum Reserve.
  5243 | D:3      | Killed Dox's ghost
  5243 | D:3      | Reached skill level 6 in Fighting
  5243 | D:3      | Reached skill level 9 in Axes
  5243 | D:3      | Reached XP level 7. HP: 35/64 MP: 7/7
  5449 | D:2      | Found a hide-covered altar of Uskayaw.
  6275 | D:4      | Noticed Grinder
  6275 | D:4      | Paralysed by Grinder for 3 turns
  6308 | D:4      | Killed Grinder
  6308 | D:4      | Reached skill level 10 in Axes
  6308 | D:4      | Reached skill level 1 in Armour
  6308 | D:4      | Reached XP level 8. HP: 46/73 MP: 8/8
  6722 | D:4      | Found Josa's Book Shop.
  7508 | D:4      | Found a glowing golden altar of the Shining One.
  7666 | D:5      | Entered Level 5 of the Dungeon
  7705 | D:5      | Found a runed door.
  7801 | D:5      | Reached skill level 11 in Axes
  7831 | D:5      | Reached skill level 3 in Armour
  7910 | D:5      | Noticed host's ghost (novice MiBe)
  8137 | D:5      | Killed host's ghost
  8137 | D:5      | Reached skill level 3 in Dodging
  8137 | D:5      | Reached XP level 9. HP: 27/81 MP: 9/9
  8410 | D:5      | Found a transporter.
  8426 | D:5      | Found Wejea's Jewellery Emporium.
  8431 | D:5      | Found a transporter.
  8462 | D:5      | Found Hedix's Antique Weapon Shoppe.
  8466 | D:5      | Bought a runed war axe for 182 gold pieces
  8856 | D:5      | Noticed Ijyb
  8862 | D:5      | Killed Ijyb
  9326 | D:5      | Noticed Crazy Yiuf
  9331 | D:5      | Killed Crazy Yiuf
  9513 | D:5      | Became a worshipper of Beogh the Brigand
  9513 | D:5      | Reached * piety under Beogh
  9513 | D:5      | Reached ** piety under Beogh
  9948 | D:6      | Found a hide-covered altar of Uskayaw.
 10036 | D:6      | Found a staircase to the Ecumenical Temple.
 10043 | Temple   | Entered the Ecumenical Temple
 10418 | D:6      | Noticed Menkaure
 10429 | D:6      | Killed Menkaure
 10429 | D:6      | Reached skill level 9 in Fighting
 10528 | D:6      | Found a glowing silver altar of Zin.
 10597 | D:6      | Reached skill level 12 in Axes
 10921 | D:7      | Got an ancient bronze amulet
 10922 | D:7      | Identified the amulet of Tuanoz {Faith rC+ Slay+3} (You found it on level 7 of the Dungeon)
 10984 | D:7      | Reached *** piety under Beogh
 11275 | D:7      | Found an ancient bone altar of Kikubaaqudgha.
 11415 | D:7      | Reached skill level 6 in Armour
 11470 | D:7      | Reached XP level 10. HP: 81/91 MP: 10/10
 11888 | D:8      | Noticed a two-headed ogre
 11895 | D:8      | Killed a two-headed ogre
 12011 | D:8      | Reached **** piety under Beogh
 12194 | D:8      | Found Samum's Assorted Antiques.
 12201 | D:8      | Bought a bronze ring for 150 gold pieces
 12337 | D:9      | Noticed a kobold demonologist
 12337 | D:9      | Noticed a kobold demonologist
 12337 | D:9      | Noticed a cyclops
 12342 | D:9      | Noticed a rust devil
 12342 | D:9      | Found a large runed door.
 12346 | D:9      | Killed a cyclops
 12349 | D:9      | Noticed a sixfirhy
 12350 | D:9      | Killed a kobold demonologist
 12351 | D:9      | Found a large runed door.
 12360 | D:9      | Killed a kobold demonologist
 12684 | D:9      | Noticed a cyan ugly thing
 12701 | D:9      | Killed a cyan ugly thing
 12701 | D:9      | Reached skill level 13 in Axes
 12968 | D:9      | Reached XP level 11. HP: 82/101 MP: 11/11
 12977 | D:9      | Reached skill level 9 in Armour
 13311 | D:9      | Got a shimmering robe
 13375 | D:9      | Reached ***** piety under Beogh
 13723 | D:9      | Found an iron altar of Okawaru.
 13783 | D:9      | Found Afoz's General Store.
 13788 | D:9      | Reached skill level 6 in Dodging
 14166 | D:9      | Noticed a tengu warrior
 14180 | D:9      | Killed a tengu warrior
 14340 | D:9      | Gained Gorm as an ally
 14508 | D:10     | Entered Level 10 of the Dungeon
 14509 | D:10     | Noticed a two-headed ogre
 14529 | D:10     | Killed a two-headed ogre
 14941 | D:10     | Identified the +2 robe "Picitor" {*Corrode rC++} (You found it on level 9 of the Dungeon)
 15011 | D:10     | Found a staircase to the Orcish Mines.
 15249 | D:10     | Noticed a cyclops
 15253 | D:10     | Killed a cyclops
 15253 | D:10     | Reached skill level 14 in Axes
 15412 | D:11     | Found a stormy altar of Qazlal.
 15412 | D:11     | Noticed a green ugly thing
 15420 | D:11     | Reached XP level 12. HP: 97/110 MP: 12/12
 15787 | D:11     | Noticed Josephine
 15799 | D:11     | Killed Josephine
 15879 | D:11     | Found a staircase to the Lair.
 15931 | D:11     | Noticed a two-headed ogre
 15938 | D:11     | Killed a two-headed ogre
 16079 | D:11     | Noticed Sonja
 16091 | D:11     | Killed Sonja
 16091 | D:11     | Gained Wargrak as an ally
 16091 | D:11     | Reached skill level 12 in Fighting
 16665 | D:12     | Reached skill level 12 in Armour
 16862 | D:12     | Gained Bladwarg as an ally
 16871 | D:12     | Got a distressingly furry robe
 16881 | D:12     | Identified the +1 robe "Futut" {rF+} (You found it on level 12 of the Dungeon)
 16962 | D:12     | Reached ****** piety under Beogh
 16973 | D:12     | Identified the cursed +1 trident "Initawig" {flame, rElec} (You found it on level 12 of the Dungeon)
 17003 | D:12     | Noticed a two-headed ogre
 17007 | D:12     | Killed a two-headed ogre
 17051 | D:12     | Noticed a two-headed ogre
 17080 | D:12     | Killed a two-headed ogre
 17558 | Lair:1   | Entered Level 1 of the Lair of Beasts
 17585 | Lair:1   | Noticed a five-headed hydra
 17591 | Lair:1   | Killed a five-headed hydra
 17700 | Lair:1   | Noticed a four-headed hydra
 17708 | Lair:1   | Killed a six-headed hydra
 17708 | Lair:1   | Reached skill level 15 in Axes
 17708 | Lair:1   | Reached XP level 13. HP: 107/119 MP: 1/13
 17734 | Lair:1   | Reached skill level 1 in Invocations
 17752 | Lair:1   | Gained Ortolf as an ally
 18945 | Lair:2   | Reached skill level 3 in Invocations
 19424 | Lair:2   | Found a staircase to the Shoals.
 19694 | Lair:2   | Found a hole to the Spider Nest.
 20129 | Lair:3   | Identified the Tome of Displaced Ice
 20394 | Lair:3   | You fall through a shaft!
 20477 | Lair:4   | Gained Urtork as an ally
 21701 | Lair:5   | Noticed Kirke
 21713 | Lair:5   | Killed Kirke
 21763 | Lair:5   | Reached XP level 14. HP: 106/129 MP: 18/18
 22021 | Lair:5   | Your ally Bladwarg died
 22131 | Lair:5   | Noticed Snorg
 22133 | Lair:5   | Reached skill level 6 in Invocations
 22142 | Lair:5   | Killed Snorg
 22349 | Lair:5   | Noticed Rupert
 22356 | Lair:5   | Killed Rupert
 22356 | Lair:5   | Reached skill level 16 in Axes
 22652 | Lair:5   | Cast into level 2 of the Abyss (a distortion unwield)
 22684 | Lair:5   | Escaped the Abyss
 23167 | Lair:6   | Entered Level 6 of the Lair of Beasts
 23180 | Lair:6   | Reached skill level 9 in Dodging
 23327 | Lair:6   | Found a runed door.
 23327 | Lair:6   | Found a viscous altar of Jiyva.
 23364 | Lair:6   | Found a staircase to the Slime Pits.
 23733 | Lair:6   | Reached skill level 15 in Armour
 24770 | Lair:6   | Noticed a dire elephant
 24773 | Lair:6   | Killed a dire elephant
 24785 | Lair:6   | Found the +5 pair of quick blades "Gyre" and "Gimble" {pierce, Dex-3}
 24923 | Lair:6   | Noticed a dire elephant
 24923 | Lair:6   | Noticed a dire elephant
 24929 | Lair:6   | Killed a dire elephant
 24933 | Lair:6   | Killed a dire elephant
 25276 | Spider:1 | Entered Level 1 of the Spider Nest
 25639 | Spider:1 | Reached XP level 15. HP: 134/138 MP: 21/21
 26159 | Spider:1 | HP: 27/139 [poisoned by a queen ant]
 26164 | Spider:1 | HP: 25/139 [poisoned by a queen ant]
 26169 | Spider:1 | HP: 24/139 [poisoned by a queen ant]
 26174 | Spider:1 | HP: 23/139 [poisoned by a queen ant]
 26181 | Spider:1 | HP: 24/139 [poisoned by a queen ant]
 26189 | Spider:1 | HP: 24/139 [poisoned by a queen ant]
 26848 | Spider:1 | Got an ivory flail
 26857 | Spider:1 | Identified the +9 flail of Thoughtfulness {elec, rElec rF+ rC- SInv} (You found it on level 1 of the Spider Nest)
 27560 | Spider:2 | Noticed an emperor scorpion
 27575 | Spider:2 | Killed an emperor scorpion
 27575 | Spider:2 | Reached skill level 9 in Invocations
 28618 | Spider:3 | Reached skill level 17 in Axes
 28641 | Spider:3 | Found a frozen archway.
 28668 | IceCv    | Entered an ice cave
 29087 | IceCv    | Gained Garbold as an ally
 29480 | IceCv    | Your ally Garbold died
 30235 | IceCv    | Noticed an Ice Fiend
 30247 | IceCv    | HP: 33/208 [Ice Fiend/bolt of cold (14)]
 30249 | IceCv    | HP: 16/208 [Ice Fiend (17)]
 30249 | IceCv    | Mangled by an Ice Fiend

Vault maps used:
D:1:      onia_arrival_handbag
D:2:      lemuel_upstairs_altar, uniq_sigmund, uniq_natasha
D:3:      nicolae_gozag_zags_fifth_avenue, cheibrodos_sewer_entry_bend,
          minmay_close_crescents
D:4:      nicolae_tso_swordbearing_angel, first_ration, serial_shops,
          kennysheep_mini_moat, uniq_grinder
D:5:      gammafunk_wand_slinger, serial_shops, shop, shop,
          lexackson_kobold_supper, uniq_ijyb, uniq_crazy_yiuf_cottage
D:6:      zin_academy, lemuel_crystal_altar, minmay_temple_entry_trees,
          minmay_item_behind_shaft, uniq_menkaure
D:7:      lemuel_crystal_altar
D:8:      serial_shops, nicolae_shop_behind_doors
D:9:      cheibrodos_ideogram_h, okawaru_trees_2, serial_ice, serial_ice_e,
          serial_ice_m, serial_ice_d, serial_ice_j, serial_ice_b, serial_ice_a,
          serial_ice_h, serial_ice_o, serial_ice_f, serial_ice_g, serial_shops,
          shop, grunt_ministairs_11, the_bakery, abandoned_shop,
          jmf_multi_god_temple2
D:10:     david_orc_2, lightli_minifort
D:11:     minmay_lair_entry_lava, grunt_qazlal_clouds, uniq_josephine,
          uniq_sonja
Temple:   nicolae_temple_elliptical
Lair:1:   serial_bayou, serial_bayou_pond_d, serial_bayou_pond_d,
          serial_bayou_pond_c, serial_bayou_crossing, serial_bayou_shore_b
Lair:2:   minmay_shoals_entry_lonely_mermaid, spider_nest_entry_web_field,
          minmay_holes, grunt_megastairs_1
Lair:4:   grunt_megastairs_5, minmay_lair_oklob_chamber,
          infiniplex_staircase_pool_2
Lair:5:   uniq_snorg, uniq_rupert, uniq_kirke
Lair:6:   due_jungle_book, slime_altar_2
Spider:1: nicolae_spider_ant_collections
Spider:2: hangedman_spider_tarantella_strand, nicolae_spider_cling_ruins
Spider:3: nicolae_spider_mines_1, portal_ice_cave_entry_pillars_2
Abyss:2:  patterned_corridor
IceCv:    ice_cave_caverns_01

Action                   |  1- 3 |  4- 6 |  7- 9 | 10-12 | 13-15 || total
-------------------------+-------+-------+-------+-------+-------++-------
Melee: Hand axe          |    94 |   162 |   332 |       |       ||   588
       War axe           |       |       |   210 |   438 |   285 ||   933
       Broad axe         |       |       |       |       |    92 ||    92
       Battleaxe         |       |       |       |       |   344 ||   344
 Fire: Hunting sling     |       |    38 |    22 |       |       ||    60
       Blowgun           |       |       |     6 |     5 |       ||    11
Invok: Convert to Beogh  |       |       |     1 |       |       ||     1
       Recall Orcish Fol |       |       |       |     3 |     9 ||    12
       Smiting           |       |       |       |     8 |    32 ||    40
       Give Item to Name |       |       |       |       |     2 ||     2
Evoke: Wand              |       |       |       |     5 |    15 ||    20
  Use: Potion            |       |     2 |     1 |     3 |     6 ||    12
       Scroll            |       |     7 |     8 |    14 |    11 ||    40
 Stab: Sleeping          |     4 |     4 |       |       |       ||     8
       Distracted        |       |       |       |     6 |     4 ||    10
       Paralysed         |       |       |       |       |     1 ||     1
  Eat: Chunk             |     1 |     8 |    14 |    14 |    27 ||    64
       Ration            |       |     1 |     2 |     2 |     4 ||     9
Armor: Robe              |    16 |     7 |       |       |       ||    23
       Ring mail         |       |    19 |    10 |       |       ||    29
       Chain mail        |       |       |   182 |   123 |       ||   305
       Skin              |       |       |    14 |       |       ||    14
       Plate armour      |       |       |       |   116 |   293 ||   409
       Crystal plate arm |       |       |       |       |   324 ||   324
Dodge: Dodged            |    71 |    99 |   143 |   198 |   344 ||   855
